 Dungeon Crawl Stone Soup version 0.29-a0-231-g945431f764 (webtiles) character file.

Game seed: 17836852627253617454

394 Ajdolov the Bolt Thrower (level 7, 0/50 HPs)
             Began as a Formicid Hunter on Feb 28, 2022.
             Slain by an orc priest
             ... wielding a +0 mace
              (3 damage)
             ... on level 4 of the Dungeon.
             The game lasted 00:05:55 (3654 turns).

Ajdolov the Bolt Thrower (Formicid Hunter)          Turns: 3654, Time: 00:05:56

Health: 0/50       AC:  5    Str: 16    XL:     7   Next: 9%
Magic:  7/7        EV: 15    Int: 11    God:
Gold:   171        SH:  0    Dex: 13    Spells: 6/6 levels left

rFire   . . .      SeeInvis +   b - +0 rapier
rCold   . . .      Faith    .   (no shield)
rNeg    . . .      Spirit   .   w - +0 leather armour
rPois   .          Reflect  .   (helmet unavailable)
rElec   .          Harm     .   e - +0 cloak
rCorr   .          Rampage  .   (no gloves)
Will    .....                   d - +0 pair of boots
Stlth   +.........              (no amulet)
HPRegen 0.16/turn               i - +4 ring of evasion
MPRegen 0.10/turn               (no ring)

@: no status effects
A: permanent stasis, dig shafts and tunnels, antennae 3, four strong arms
a: Dig, Shaft Self


You were on level 4 of the Dungeon.
You visited 1 branch of the dungeon, and saw 4 of its levels.

You collected 171 gold pieces.

Inventory:

Hand Weapons
 a - a +1 hand crossbow
 b - a +0 rapier (weapon)
Armour
 d - a +0 pair of boots (worn)
 e - a +0 cloak (worn)
 f - a +0 buckler
 w - a +0 leather armour (worn)
Jewellery
 i - a +4 ring of evasion (left hand)
Scrolls
 g - a scroll of enchant armour {unknown}
 h - 2 scrolls of identify {unknown}
 k - 2 scrolls of torment {unknown}
 l - a scroll of teleportation {unknown}
 m - a scroll of amnesia {unknown}
 n - a scroll of fear {unknown}
 o - a scroll of brand weapon {unknown}
 p - a scroll of vulnerability {unknown}
 u - a scroll of acquirement {unknown}
Potions
 c - a potion of heal wounds {unknown}
 j - 2 potions of brilliance {unknown}
 q - a potion of might {unknown}
 r - a potion of curing {unknown}
 s - a potion of haste {unknown}
 t - a potion of attraction {unknown}
 v - a potion of ambrosia {unknown}


   Skills:
 - Level 2.1 Fighting
 * Level 7.1 Crossbows
 - Level 1.7 Dodging
 - Level 1.2 Stealth
 + Level 3.9 Shields


You had 6 spell levels left.
You didn't know any spells.
Your spell library contained the following spells:

 Spells                   Type           Power      Damage    Failure   Level
 Dazzling Flash           Conj/Hex       0%         N/A       78%         3
 Agony                    Necr           0%         N/A       100%        5
 Manifold Assault         Tloc           0%         N/A       100%        5
 Silence                  Hex/Air        0%         N/A       100%        5
 Storm Form               Tmut/Air       0%         N/A       100%        7
 Blink                    Tloc           Unusable   N/A       N/A         2

Dungeon Overview and Level Annotations

Branches:
Dungeon (4/15)
 Temple: D:4-7

Altars:
Cheibriados


Innate Abilities, Weirdness & Mutations

You cannot be hasted, slowed, berserked, paralysed or teleported.
You can dig through walls and to a lower floor.
You have a pair of large antennae on your head. (SInv)
Your four strong arms can wield two-handed weapons with a shield.


Message History

You kill the orc!
No target in view!
An orc priest comes into view. It is wielding a +0 mace.
Items here: $ ))) [ †††.
You shoot a bolt. The bolt barely misses the orc priest.
The orc priest shouts!
You hear a shout!
You shoot a bolt.
The bolt hits the orc priest but does no damage.
You shoot a bolt. The bolt hits the orc priest.
The orc priest is moderately wounded.
You shoot a bolt.
The bolt hits the orc priest but does no damage.
The orc priest is moderately wounded.
The orc priest mumbles some strange prayers to Beogh against you.
Beogh smites you!
b - a +0 rapier (weapon)
The orc priest hits you with a +0 mace.
You hit the orc priest. Your punch misses the orc priest.
The orc priest is severely wounded.
The orc priest hits you with a +0 mace.
* * * LOW HITPOINT WARNING * * *
You closely miss the orc priest.
The orc priest is severely wounded.
The orc priest barely misses you.
You barely miss the orc priest.
The orc priest is severely wounded.
The orc priest barely misses you.
You hit the orc priest.
The orc priest is almost dead.
The orc priest hits you but does no damage.
The orc priest calls down the wrath of Beogh upon you.
Beogh smites you!
* * * LOW HITPOINT WARNING * * *
You hit the orc priest but do no damage.
The orc priest is almost dead.
The orc priest barely misses you.
You closely miss the orc priest.
The orc priest is almost dead.
The orc priest hits you with a +0 mace.
You die...

....#### ##
#####.#>..... .#
#...#...##.. .#
#.#..?####..
.####.......##.# ##
.##....(#.#.##.##.#
.....####.#.##....#
..##.# #)#.......#
####.# #)....)o@.#
# #.# #######)#.#
#.# #.### ####.#
#.......# .....#
###.###.# ####.#
#.# ### ###


You could see an orc priest.

Vanquished Creatures
  Eustachio (D:3)
  A scorpion (D:3)
  An iguana (D:3)
  4 gnolls (D:3)
  4 adders
  11 orcs
  7 ball pythons
  9 endoplasms
  3 giant cockroaches
  3 goblins (D:2)
  5 hobgoblins
  4 jackals (D:2)
  5 quokkas
  11 bats
  5 frilled lizards
  3 kobolds
  7 rats
84 creatures vanquished.

Notes
Turn   | Place    | Note
-------+----------+-------------------------------------------
     0 | D:1      | Ajdolov the Formicid Hunter began the quest for the Orb.
     0 | D:1      | Reached XP level 1. HP: 16/16 MP: 1/1
    78 | D:1      | Reached XP level 2. HP: 22/22 MP: 2/2
   531 | D:1      | Reached XP level 3. HP: 27/27 MP: 3/3
   896 | D:2      | Found a snail-covered altar of Cheibriados.
   926 | D:2      | Reached skill level 5 in Crossbows
  1196 | D:2      | Found a faded altar of an unknown god.
  1271 | D:2      | Reached XP level 4. HP: 33/33 MP: 4/4
  1599 | D:2      | Reached skill level 1 in Shields
  2476 | D:3      | Reached XP level 5. HP: 32/38 MP: 5/5
  2638 | D:3      | Reached skill level 6 in Crossbows
  2996 | D:3      | Reached XP level 6. HP: 33/44 MP: 6/6
  3108 | D:4      | Noticed Eustachio
  3288 | D:3      | Killed Eustachio
  3289 | D:3      | Reached skill level 7 in Crossbows
  3289 | D:3      | Reached XP level 7. HP: 14/50 MP: 7/7
  3654 | D:4      | Slain by an orc priest

Illustrated notes

Levels and vault maps discovered:
D:1:      sevenhm_arrival_forest_fort_small_4, layout_loops_ring,
          minmay_pentomino_q2
D:2:      layout_loops_cross, dilly_ecumenical_altar_fadedgnrine,
          serial_aquarium, aquarium_bridge_long_separate
          [aquarium_subvault_bridge, aquarium_subvault_window,
          aquarium_subvault_bridge, aquarium_subvault_bridge,
          aquarium_subvault_wall, aquarium_subvault_balcony], aquarium_window_1,
          aquarium_window_corner, aquarium_window_1, aquarium_window_fake,
          aquarium_view_2e, aquarium_view_2b, aquarium_balcony_3b, basic_altar,
          minmay_small_reverse_x
D:3:      layout_basic, minmay_misc_feat_doors, minmay_vboxes
D:4:      nicolae_BIG_FREAKIN_CUBE, layout_basic, lightli_sewer_entry_pipes,
          minmay_diced_spiral, uniq_eustachio

Skill      XL: |  1  2  3  4  5  6 |
---------------+-------------------+-----
Crossbows      | 5 6 7 |  7.1
Shields        | 2 3 |  3.9
Fighting       | |  2.1
Dodging        | |  1.7
Stealth        | |  1.2

Action                   |  1- 3 |  4- 6 |  7- 9 || total
-------------------------+-------+-------+-------++-------
Melee: Rapier            |       |       |     6 ||     6
 Fire: Hand crossbow     |    96 |   145 |    33 ||   274
 Abil: Dig               |       |     1 |       ||     1
Armor: Leather armour    |    11 |    19 |     6 ||    36
Dodge: Dodged            |    31 |    73 |    21 ||   125

Table legend: (Time is in decaauts)
 A = Elapsed time spent in this place.
 B = Non-inter-level travel time spent in this place.
 C = Inter-level travel time spent in this place.
 D = Time resting spent in this place.
 E = Time spent auto-exploring this place.
 F = Levels seen in this place.
 G = Mean time per level.
                   A        B        C        D        E       F      G
               +--------+--------+--------+--------+--------+-----+--------+
         Total |   3725 |   3610 |    115 |    497 |   2364 |   4 |  931.2 |
       Dungeon |   3725 |   3610 |    115 |    497 |   2364 |   4 |  931.2 |
               +--------+--------+--------+--------+--------+-----+--------+

Top non-repeatable levels by time:
     D:3: 1463 daAuts
     D:2: 1162 daAuts
     D:1: 910 daAuts
     D:4: 189 daAuts
